[Event "Late-Titled-Tuesday-Blitz-October-10-2023"]
[Site "Chess.com"]
[Date "2023.10.10"]
[Round "9"]
[White "Krakozia"]
[Black "Korchmar_Vasiliy"]
[Result "0-1"]
[WhiteElo "2966"]
[BlackElo "2774"]
[TimeControl "180+1"]
[EndTime "15:39:42 PDT"]
[Termination "Korchmar_Vasiliy won on time"]

1. e4 c5 2. Nf3 d6 3. d4 cxd4 4.
Nxd4 Nf6 5. Nc3 Nc6 6. Bg5 Bd7 7.
Qd2 a6 8. O-O-O e6 9. Nxc6 bxc6 10. Bc4 Be7 11. e5 dxe5 12. Rhe1 h6 13. Bxf6 Bxf6 14. Kb1 Qc7 15. Ne4 Be7 16. Bb3 Rd8 17. Qc3 c5 18.
Bc4 a5 19. Ng3 Bf6 20. Nh5 Bc6 21. Qg3 Ke7 22. c3 Rxd1+ 23. Rxd1 Rd8 24. Re1 a4 25. Nxg7 Rg8 26. Nf5+ Kf8 27. Qh3 exf5 28. Qxf5 Qd6 29. Kc2 Rg5 30. Qh7 Rg7 31. Qf5 Rg5 32. Qc8+ Kg7 33. g3 Rg6 34. h4 h5 35. Qf5 Rg4 36. Qxh5 Rxc4 37. Rd1 Be4+ 38. Kc1 Qe6 39. Qe2 a3 40. b3 Rxc3+ 41. Kd2 Rc2+ 0-1

[Event "Late-Titled-Tuesday-Blitz-October-10-2023"]
[Site "Chess.com"]
[Date "2023.10.10"]
[Round "9"]
[White "IMGC"]
[Black "angryspacevoid"]
[Result "1/2-1/2"]
[WhiteElo "2415"]
[BlackElo "2533"]
[TimeControl "180+1"]
[EndTime "15:39:42 PDT"]
[Termination "Game drawn by repetition"]

1. d4 d5 2. Nf3 Nc6 3. e3 Bg4 4.
Be2 e6 5. O-O Bd6 6. Nbd2 h5 7.
c4 dxc4 8. Nxc4 Nf6 9. b3 Bxf3 10. Bxf3 Bxh2+ 11. Kxh2 Ng4+ 12. Kh3 Ne7 13. g3 Ng6 14. Kg2 Qg5 15. Rh1 O-O-O 16. e4 Qf6 17. Bxg4 hxg4 18. Rxh8 Rxh8 19. Qxg4 Qxd4 20. Bb2 Qd3 21. Rh1 Rxh1 22.
Kxh1 Qf1+ 23. Kh2 Qxf2+ 24. Kh1 b5 25. Bxg7 bxc4 26. bxc4 Qf1+ 27. Kh2 Qxc4 28. Qf3 Qxa2+ 29. Kh3 e5 30. Qc3 Qe6+ 31. Kg2 Qg4 32. Qc4 Nh4+ 33. Kh2 Nf3+ 34. Kg2 Nh4+ 35. Kh2 Nf3+ 36. Kg2 Nd2 37. Qa6+ Kb8 38. Qb5+ Kc8 39. Qe8+ Kb7 40. Qb5+ Ka8 41.
Qd5+ Kb8 42. Qb5+ Kc8 43. Qe8+ Kb7 44. Qb5+ Ka8 45. Qe8+ Kb7 1/2-1/2

[Event "Late-Titled-Tuesday-Blitz-October-10-2023"]
[Site "Chess.com"]
[Date "2023.10.10"]
[Round "9"]
[White "cthulhuuu"]
[Black "azikom"]
[Result "0-1"]
[WhiteElo "2468"]
[BlackElo "2618"]
[TimeControl "180+1"]
[EndTime "15:39:43 PDT"]
[Termination "azikom won by resignation"]

1. e4 c6 2. d3 d5 3. Nd2 g6 4. Ngf3 Bg7 5. g3 e5 6. Bg2 Ne7 7. O-O O-O 8. Re1 dxe4 9. dxe4 Na6 10. Qe2 Qc7 11. Nc4 f6 12. a4 Be6 13. b3 Rad8 14.
Ba3 Rfe8 15. Bf1 Nc8 16. Qe3 Bf8 17. Bxf8 Kxf8 18. h4 Kg7 19. h5 Nb4 20. h6+ Kg8 21. Qc3 a5 22. Rad1 Bg4 23. Rxd8 Rxd8 24. Nfxe5 fxe5 25. Nxe5 Be6 26. Bc4 Bxc4 27. Qxc4+ Kf8 28. Ng4 Qf7 29.
Qc3 Nd6 30. Re3 Ke7 31. Rf3 Qe6 32. Qg7+ Nf7 33. Ne5 Rf8 34. Rf6 Qxf6 35. Qxf6+ Kxf6 36. Nd7+ Ke7 37. Nxf8 Kxf8 38. c3 Na2 39. b4 axb4 40.
cxb4 Nxb4 41. f4 Nxh6 0-1

[Event "Late-Titled-Tuesday-Blitz-October-10-2023"]
[Site "Chess.com"]
[Date "2023.10.10"]
[Round "9"]
[White "frederiksvane"]
[Black "ChristopherYoo"]
[Result "1/2-1/2"]
[WhiteElo "2919"]
[BlackElo "3023"]
[TimeControl "180+1"]
[EndTime "15:39:51 PDT"]
[Termination "Game drawn by repetition"]

1. c4 Nf6 2. Nc3 g6 3. e4 e5 4. Nf3 Bg7 5. Be2 O-O 6. O-O Re8 7. d3 h6 8. Re1 c6 9. Bf1 Na6 10. h3 Nc7 11. d4 exd4 12. Nxd4 d5 13. cxd5 cxd5 14.
e5 Ne4 15. f4 Nxc3 16. bxc3 Ne6 17. Be3 Nxd4 18. cxd4 Bf5 19. Qb3 Re7 20. Rec1 Be4 21.
Rc3 Rc7 22. Rac1 Rac8 23. Kf2 Bf8 24. Rxc7 Rxc7 25. Rxc7 Qxc7 26. Be2 h5 27. Bf3 Bxf3 28. Kxf3 Qc6 29. g4 hxg4+ 30. hxg4 a5 31. f5 gxf5 32. gxf5 Bh6 33. Kg4 a4 34. Qd3 b5 35. f6 Qe6+ 36. Kh4 Bf8 37. Bf2 b4 38. Qg3+ Kh8 39. Qg5 b3 40. Qh5+ Kg8 41. Qg5+ Kh8 42. axb3 axb3 43. Qh5+ Kg8 44. Qg5+ Kh8 45. Qh5+ Kg8 46. Qg5+ Kh7 47. Qh5+ Kg8 1/2-1/2

[Event "Late-Titled-Tuesday-Blitz-October-10-2023"]
[Site "Chess.com"]
[Date "2023.10.10"]
[Round "9"]
[White "tgpgoat"]
[Black "Freefresh"]
[Result "1-0"]
[WhiteElo "2551"]
[BlackElo "2717"]
[TimeControl "180+1"]
[EndTime "15:39:52 PDT"]
[Termination "tgpgoat won on time"]

1. Nf3 e5 2. Nxe5 d6 3. Nf3 g6 4. d4 Bg7 5. g3 Nf6 6. Bg2 O-O 7. O-O Nc6 8. c4 Ne4 9. Qc2 f5 10. d5 Nb4 11. Qb3 a5 12. a3 Na6 13. Be3 Nac5 14.
Qc2 a4 15. Bd4 Nb3 16. Bxg7 Kxg7 17. Ra2 Qf6 18. Nbd2 Nbc5 19. Nxe4 fxe4 20. Nd2 e3 21. fxe3 Qe5 22. Rxf8 Kxf8 23. e4 Bg4 24. Ra1 Bxe2 25. Re1 Bd3 26. Qd1 Kg7 27. b4 axb3 28. Nxb3 Rxa3 29.
Nxc5 dxc5 30. Qg4 h5 31. Qf4 Qxf4 32. gxf4 Bxc4 33. e5 Rd3 34. d6 cxd6 35. e6 Bb5 36.
Bxb7 Be8 37. Bc8 Kf6 38. Bd7 Ke7 39. Bc8 Bc6 40. Ra1 c4 41. Ra7+ Kd8 42. Ba6 c3 43.
Bxd3 d5 44. Bxg6 d4 45. e7+ Kc8 46. Ra6 Bd7 47. Rd6 1-0

[Event "Late-Titled-Tuesday-Blitz-October-10-2023"]
[Site "Chess.com"]
[Date "2023.10.10"]
[Round "9"]
[White "Alphafischer2019"]
[Black "AlivodicDario"]
[Result "1-0"]
[WhiteElo "2575"]
[BlackElo "2447"]
[TimeControl "180+1"]
[EndTime "15:39:52 PDT"]
[Termination "Alphafischer2019 won on time"]

1. e4 c5 2. Nf3 e6 3. Bd3 Nc6 4. O-O d5 5. c3 Nf6 6. exd5 exd5 7. Re1+ Be7 8. Bb5 O-O 9. d4 Bg4 10. Be3 c4 11. Nbd2 Bd6 12. h3 Bh5 13. Ba4 Re8 14. Bc2 Bg6 15. b3 b5 16. Bxg6 hxg6 17. b4 a5 18. a3 axb4 19. axb4 Qd7 20. Qc2 Qf5 21. Qb2 Qd3 22. Rxa8 Rxa8 23. Ra1 Rc8 24. Qc1 Ne4 25. Nxe4 Qxe4 26. Qb1 Qxb1+ 27. Rxb1 Ra8 28. Kf1 Ra3 29. Bd2 f6 30. Ke1 Kf7 31. Kd1 g5 32. Ne1 Ne7 33. Nc2 Ra8 34. Ra1 Rxa1+ 35. Nxa1 Ke6 36. Nc2 Kd7 37. Ke2 Ng6 38. g3 Ne7 39.
Kf3 g6 40. Kg4 Nf5 41. Na3 Kc6 42. Nc2 Bc7 43. Bc1 Nd6 44. f3 Nf7 45. h4 gxh4 46.
Kxh4 Nd6 47. g4 Nf7 48. Ne1 g5+ 49. Kh3 Bf4 50. Bxf4 gxf4 51. Kh4 Ng5 52. Kh5 Kd6 53. Kg6 Ke6 54. Ng2 Nh3 55. Kg7 f5 56. gxf5+ Kxf5 57. Kf7 Ng1 58. Ne1 Ne2 59. Ke7 Nxc3 60. Kd6 Na2 61. Nc2 c3 62. Kxd5 Kf6 63. Kc5 Ke6 64. d5+ Ke5 65. d6 Ke6 66. Kc6 Nc1 67.
d7 Nd3 68. Kc7 Ne5 69. d8=Q Nf7 70. Nd4+ Ke5 71. Nc6+ Kf5 72. Qd3+ 1-0

[Event "Late-Titled-Tuesday-Blitz-October-10-2023"]
[Site "Chess.com"]
[Date "2023.10.10"]
[Round "9"]
[White "Polish_fighter3000"]
[Black "Beca95"]
[Result "1-0"]
[WhiteElo "3055"]
[BlackElo "2859"]
[TimeControl "180+1"]
[EndTime "15:39:55 PDT"]
[Termination "Polish_fighter3000 won on time"]

1. e4 c5 2. Nf3 d6 3. d4 cxd4 4. Nxd4 Nf6 5. Nc3 a6 6. f3 e5 7.
Nb3 Be6 8. Be3 h5 9. Nd5 Bxd5 10.
exd5 Nbd7 11. Qd2 Be7 12. Na5 Qc7 13. Be2 O-O 14. c4 e4 15. f4 Ng4 16. Bxg4 hxg4 17. b4 Rac8 18. Rc1 Nf6 19. O-O Qd7 20. Rfd1 Bd8 21.
Nb3 Be7 22. Qb2 Rfd8 23. c5 Bf8 24. Na5 g3 25. h3 dxc5 26. bxc5 Nxd5 27. Nxb7 Nxe3 28.
Rxd7 Rxd7 29. Qb1 Rd3 30. c6 Rc7 31. Na5 Bd6 32. Re1 Bxf4 33. Qb6 Kh7 34. Qxa6 Rd2 35.
Nc4 Rxg2+ 36. Kh1 Rh2+ 37. Kg1 Rg2+ 38. Kh1 Rh2+ 39. Kg1 Nxc4 40. Qxc4 f5 41. Rxe4 fxe4 42. Qxe4+ g6 43. Qxf4 Re7 44. Qh4+ Kg8 45. Qxe7 Rc2 46. c7 1-0

[Event "Late-Titled-Tuesday-Blitz-October-10-2023"]
[Site "Chess.com"]
[Date "2023.10.10"]
[Round "9"]
[White "IlanSchnaider"]
[Black "Grischuk"]
[Result "0-1"]
[WhiteElo "2785"]
[BlackElo "2983"]
[TimeControl "180+1"]
[EndTime "15:39:55 PDT"]
[Termination "Grischuk won on time"]

1. e4 c5 2. Nf3 d6 3. Bb5+ Nd7 4. a4 Nf6 5. Nc3 g6 6. a5 Bg7 7. Bc4 O-O 8. O-O Nb8 9. Re1 Nc6 10. a6 bxa6 11. Bxa6 Bxa6 12. Rxa6 Qc8 13. Ra1 Nd7 14. d3 Qb7 15. Nd5 a5 16. c3 e6 17. Ne3 Nb6 18.
d4 cxd4 19. cxd4 Nb4 20. e5 dxe5 21. dxe5 Rfd8 22. Bd2 Nd3 23. Re2 a4 24. Ng4 Nc4 25. Bg5 Ndxb2 26. Qe1 Rd3 27. Bf6 Bf8 28. h4 h5 29. Ne3 a3 30. Nxc4 Nxc4 31. Qc1 Qd5 32. Kh2 Na5 33. Qf4 Nb3 34. Raa2 Nd4 35. Nxd4 Rxd4 36.
Qg3 Rd3 37. f3 Rd1 38. Qf4 Qd4 39. Qg5 Qg1+ 40. Kg3 Ra1 41. Rad2 a2 42. Rd7 Re1 43. Rc7 Rxe2 44. Kf4 Qe3+ 45. Kg3 Qxg5+ 46. hxg5 a1=Q 0-1

[Event "Late-Titled-Tuesday-Blitz-October-10-2023"]
[Site "Chess.com"]
[Date "2023.10.10"]
[Round "9"]
[White "Mackster23"]
[Black "MalyDominator"]
[Result "0-1"]
[WhiteElo "2663"]
[BlackElo "2492"]
[TimeControl "180+1"]
[EndTime "15:39:55 PDT"]
[Termination "MalyDominator won by resignation"]

1. e4 c5 2. Nf3 d6 3. d4 cxd4 4. Nxd4 Nf6 5. Nc3 Nc6 6. Bg5 e6 7. Qd2 a6 8. O-O-O Bd7 9. f3 Be7 10. h4 h6 11. Be3 h5 12. Bg5 Nxd4 13. Qxd4 Qc7 14. f4 Qc5 15. Be2 b5 16. Qxc5 dxc5 17. e5 Ng4 18. Bxe7 Kxe7 19. Bxg4 hxg4 20. Ne4 Bc6 21. Nxc5 Bxg2 22. Rd7+ Ke8 23. Rg1 Bf3 24. Rc7 Rxh4 25. Nb7 Bxb7 26. Rxb7 Rd8 27. Ra7 g3 28. b3 Rg4 29. Rxa6 g2 30. Rd6 Rxd6 31. exd6 Kd7 32. Kd2 Kxd6 33. Ke3 Rg3+ 34. Kf2 Rc3 35. Kxg2 Rxc2+ 36. Kf3 Rxa2 37. Rxg7 f5 38. Rb7 Kc5 39. Re7 Rb2 40. Rxe6 Rxb3+ 41. Ke2 Kd4 42. Re5 Rb2+ 43. Kf3 b4 44. Rxf5 b3 45. Rb5 Kc4 46. Rb8 Rb1 47.
Ke4 Kc3 48. Kf5 b2 49. Kf6 Rf1 50. f5 Rf4 51. Rc8+ Rc4 52. Rb8 Rb4 53. Rc8+ Kb3 54. Rc1 bxc1=Q 0-1

[Event "Late-Titled-Tuesday-Blitz-October-10-2023"]
[Site "Chess.com"]
[Date "2023.10.10"]
[Round "9"]
[White "cassoulet"]
[Black "BogdanDeac"]
[Result "0-1"]
[WhiteElo "2760"]
[BlackElo "3003"]
[TimeControl "180+1"]
[EndTime "15:39:56 PDT"]
[Termination "BogdanDeac won by checkmate"]

1. d4 Nf6 2. Bg5 d5 3. Bxf6 gxf6 4. Nf3 c5 5. e3 cxd4 6. exd4 Qb6 7. Nc3 e6 8. Bb5+ Bd7 9. Bxd7+ Nxd7 10. O-O Qxb2 11.
Ne2 Rc8 12. Rb1 Qxa2 13. Rxb7 Bd6 14. c3 Qa6 15. Rb1 Nb6 16. Qd2 h5 17. Ra1 Qb7 18. h4 Kf8 19. Rfb1 Qe7 20. Qa2 Rc7 21. Nd2 Rg8 22.
Nf1 f5 23. g3 f4 24. Qd2 Qf6 25. Qd3 Qg6 26. Qf3 Qg4 27. Kg2 Ke7 28. Qxg4 Rxg4 29.
Kf3 fxg3 30. fxg3 Nc4 31. Ra6 Rg8 32. Rba1 Ra8 33. Nf4 Bxf4 34. Kxf4 Kf6 35. Nh2 Nd2 36.
R1a3 Rac8 37. g4 Rxc3 38. Rxc3 Rxc3 39. gxh5 Rc7 40. Ng4+ Kg7 41. h6+ Kh7 42. Kg5 Ne4+ 43. Kh5 Rb7 44. Rc6 a5 45. Ra6 Ng3+ 46. Kg5 Ne4+ 47. Kh5 Rb3 48. Ra7 Rf3 49. Rxa5 Rf5# 0-1

[Event "Late-Titled-Tuesday-Blitz-October-10-2023"]
[Site "Chess.com"]
[Date "2023.10.10"]
[Round "9"]
[White "GaiozNigalidze"]
[Black "NigelDwarf"]
[Result "0-1"]
[WhiteElo "2718"]
[BlackElo "2572"]
[TimeControl "180+1"]
[EndTime "15:39:57 PDT"]
[Termination "NigelDwarf won on time"]

1. d4 Nf6 2. c4 a6 3. a4 e6 4. g3 d5 5. cxd5 exd5 6. Bg2 Bd6 7. Nf3 O-O 8. O-O Re8 9. Na3 h6 10. Nc2 Bf5 11. Ne3 Bh7 12. Bd2 a5 13. Nh4 c6 14.
Nhf5 Bf8 15. Qb3 Ra7 16. Rac1 Nbd7 17. Nh4 Ne4 18. Be1 Qf6 19. Bh3 Qd8 20. Nf3 Bd6 21. Nf5 Bf8 22. Ne3 Be7 23. Kh1 Bf6 24. Ng4 Be7 25. Nge5 Nb6 26. Bg2 f6 27. Nd3 Nc4 28.
Nf4 Bd6 29. e3 Kh8 30. Ne2 Qd7 31. Kg1 g5 32. h3 h5 33. Rd1 Rg8 34. Nd2 Ncxd2 35.
Bxd2 h4 36. g4 f5 37. f3 Ng3 38. Nxg3 hxg3 39. e4 dxe4 40. fxe4 fxg4 41. Bc3 gxh3 42. d5+ Rg7 43. Bf3 g4 44. Be2 Bc5+ 45. Bd4 Bxe4 0-1

[Event "Late-Titled-Tuesday-Blitz-October-10-2023"]
[Site "Chess.com"]
[Date "2023.10.10"]
[Round "9"]
[White "stasOR4ik"]
[Black "Dacean99"]
[Result "1-0"]
[WhiteElo "2469"]
[BlackElo "2578"]
[TimeControl "180+1"]
[EndTime "15:39:57 PDT"]
[Termination "stasOR4ik won by checkmate"]

1. e4 d6 2. c4 Nf6 3. Nc3 g6 4.
g3 Bg7 5. Bg2 O-O 6. Nge2 e5 7.
O-O Nc6 8. h3 Nd4 9. d3 a6 10. f4 Nh5 11. Nxd4 exd4 12. Ne2 f5 13. exf5 gxf5 14. Kh2 Qf6 15. Bd2 Rb8 16. Be1 Qg6 17. Bf2 c5 18. Bf3 Nf6 19. b4 b5 20. bxc5 dxc5 21.
cxb5 axb5 22. Rc1 Nd7 23. Ng1 Bb7 24. Qb3+ c4 25. dxc4 Bxf3 26. cxb5+ Qf7 27. Qxf7+ Rxf7 28. Nxf3 Rxb5 29. Bxd4 Ra5 30. Rf2 Ra3 31. Rc8+ Nf8 32. Ne5 Rb7 33. Bc5 Ra5 34. Rd2 Rab5 35. a4 Rb2 36.
Rxb2 Rxb2+ 37. Kg1 Ra2 38. Ra8 Rc2 39. Bxf8 Bxf8 40.
Nd7 Kf7 41. Nxf8 Rd2 42. a5 h5 43. Nh7 Rd3 44. Ng5+ Kg6 45. Kg2 Rd2+ 46. Kf3 Rd3+ 47.
Kf2 h4 48. gxh4 Ra3 49. a6 Kg7 50. Ra7+ Kg6 51. Ra8 Kg7 52. h5 Ra4 53. Kg3 Ra3+ 54. Kh4 Ra4 55. Ne6+ Kf6 56. a7 Ke7 57. Rh8 Kxe6 58.
a8=Q Rxf4+ 59. Kg5 Rd4 60. Qe8+ Kd5 61. Qd7+ Kc4 62.
Qc7+ Kd3 63. Rd8 Rxd8 64. Qxd8+ Ke4 65. Qe7+ Kf3 66. Kxf5 Kg3 67. h6 Kxh3 68. Qg5 Kh2 69. Kf4 Kh1 70. Kf3 Kh2 71. Qg2# 1-0

[Event "Late-Titled-Tuesday-Blitz-October-10-2023"]
[Site "Chess.com"]
[Date "2023.10.10"]
[Round "9"]
[White "Smiechu"]
[Black "The_Princess_Moon"]
[Result "1-0"]
[WhiteElo "2514"]
[BlackElo "2313"]
[TimeControl "180+1"]
[EndTime "15:39:58 PDT"]
[Termination "Smiechu won by checkmate"]

1. e4 c5 2. Nf3 a6 3. Nc3 b5 4.
d4 cxd4 5. Nxd4 Bb7 6. Bd3 Nc6 7.
Be3 Nxd4 8. Bxd4 d6 9. O-O Nf6 10. Qe2 g6 11. f4 Bg7 12. Nxb5 axb5 13. Bxb5+ Kf8 14. Bd3 Nd7 15. e5 Ra5 16. Bc3 Rc5 17. Bb4 Rc8 18. exd6 Bd4+ 19. Kh1 exd6 20. Bxd6+ Kg7 21.
c3 Bf6 22. a4 Re8 23. Qf2 Nb6 24. Be5 Qxd3 25. Bxf6+ Kxf6 26. Qxb6+ Bc6 27. Rad1 Qe2 28. Qd4+ Kf5 29. Qc5+ Kf6 30. Qd4+ Kf5 31. Rg1 Red8 32. Qc5+ Kf6 33. Rxd8 Bxg2+ 34. Rxg2 Qf1+ 35. Qg1 Qxg1+ 36. Kxg1 Rxd8 37. b4 Rc8 38. Rc2 Ke6 39. a5 Kd5 40.
c4+ Kd4 41. c5 Kd3 42. Rc1 f5 43. c6 Ke4 44. c7 Kxf4 45. b5 Ke3 46. b6 f4 47. b7 Rf8 48. c8=Q Rf5 49. b8=Q f3 50. Qc3+ Ke2 51. Qe8+ Re5 52. Qexe5# 1-0

[Event "Late-Titled-Tuesday-Blitz-October-10-2023"]
[Site "Chess.com"]
[Date "2023.10.10"]
[Round "9"]
[White "DanielNaroditsky"]
[Black "iturrizaga"]
[Result "0-1"]
[WhiteElo "3166"]
[BlackElo "3025"]
[TimeControl "180+1"]
[EndTime "15:39:59 PDT"]
[Termination "iturrizaga won by resignation"]

1. e4 c5 2. c3 d5 3. exd5 Qxd5 4. d4 Nf6 5. Nf3 e6 6. Na3 Nc6 7. Be3 cxd4 8. Nb5 Qd7 9. Nbxd4 Qc7 10. Nxc6 bxc6 11. Bd3 Be7 12. O-O O-O 13. Qc2 c5 14. Ng5 h6 15. Ne4 Ng4 16. Ng3 Nxe3 17. fxe3 Bd6 18.
Qf2 Rb8 19. Rad1 Be5 20. Kh1 f5 21. Bc4 Kh7 22. Nh5 Rb6 23. Nf4 a5 24. a4 g5 25.
Nh5 Kg6 26. Ng3 h5 27. Qf3 g4 28. Qf2 h4 29. Ne2 g3 30. Qe1 Rxb2 31. Nf4+ Kf6 32. Nd3 Rc2 33. Rc1 Rxc1 34. Qxc1 Bb7 35. h3 Be4 36. Ne1 Rd8 37. Be2 Qd6 38. Bf3 Qd5 39.
c4 Qb7 40. Qa3 Qc6 41. Qb3 Rd2 42. Kg1 Rf2 43. Rxf2 gxf2+ 44. Kxf2 Bg3+ 45. Kf1 Bxe1 46. Kxe1 Bxf3 47. gxf3 Qxf3 48. Qc3+ Kf7 49. Qe5 Qg3+ 50. Qxg3 hxg3 51. Ke2 e5 52. Kf3 f4 53. exf4 exf4 54. Kxf4 g2 0-1

[Event "Late-Titled-Tuesday-Blitz-October-10-2023"]
[Site "Chess.com"]
[Date "2023.10.10"]
[Round "9"]
[White "hakanazeri2"]
[Black "Necromon"]
[Result "0-1"]
[WhiteElo "2593"]
[BlackElo "2490"]
[TimeControl "180+1"]
[EndTime "15:40:01 PDT"]
[Termination "Necromon won on time"]

1. Nf3 Nf6 2. c4 e6 3. g3 d5 4. d4 Be7 5. Bg2 O-O 6. O-O dxc4 7. Qc2 a6 8. a4 Nbd7 9. Rd1 Rb8 10. Qxc4 b5 11. Qc2 Bb7 12. Bf4 Nd5 13. axb5 Nxf4 14. gxf4 axb5 15. Nc3 b4 16. Ne4 Qc8 17. Rac1 Bxe4 18.
Qxe4 c5 19. Ng5 g6 20. d5 Nf6 21. Qe3 h6 22. d6 Bd8 23. Rxc5 Qd7 24. Bc6 Qa7 25. Ne4 Nxe4 26. Bxe4 Bb6 27. Rdc1 Rbc8 28. Rxc8 Bxe3 29. Rxf8+ Kxf8 30. Rc8+ Kg7 31. fxe3 Qxe3+ 32.
Kf1 Qxf4+ 33. Bf3 Qd4 34. Rd8 Qxb2 35. d7 Qa1+ 36. Kg2 Qd1 37. Bc6 Qxe2+ 38. Kg1 Qe3+ 39. Kf1 Qc1+ 40. Kf2 Qxc6 41. Rg8+ Kxg8 42. d8=Q+ Kg7 43.
Qd4+ Kh7 44. Qxb4 h5 45. Qe7 Kg8 46. Qd8+ Kg7 47. Qd4+ Kh7 48. Qf6 Qe8 49. Kg3 e5 50.
Kh4 e4 51. Qf2 e3 0-1

[Event "Late-Titled-Tuesday-Blitz-October-10-2023"]
[Site "Chess.com"]
[Date "2023.10.10"]
[Round "9"]
[White "rasmussvane"]
[Black "KaydenTroffChess"]
[Result "1-0"]
[WhiteElo "3006"]
[BlackElo "2816"]
[TimeControl "180+1"]
[EndTime "15:40:02 PDT"]
[Termination "rasmussvane won by resignation"]

1. Nf3 Nf6 2. g3 g6 3. Bg2 Bg7 4. d4 O-O 5. O-O d5 6. c4 c6 7. Qb3 Qb6 8. Nc3 Be6 9. Na4 Qxb3 10. axb3 dxc4 11. Nb6 axb6 12. Rxa8 cxb3 13. Bf4 Na6 14. Ra7 Bc8 15. Nd2 Nd7 16. Nxb3 e5 17. Be3 Nb4 18. Rc1 exd4 19. Bxd4 Bxd4 20. Nxd4 Nc5 21. Rc4 Nca6 22.
e3 b5 23. Rc1 Rd8 24. Ra8 Nc7 25. Raa1 Nca6 26. Rd1 Bg4 27. f3 Bc8 28. Nxb5 Rxd1+ 29. Rxd1 Be6 30. Nd4 Ba2 31. Bf1 Nc5 32. Kf2 Na4 33. Rd2 Nc5 34. e4 Kg7 35. Ke3 Na4 36. Be2 Nc5 37.
Nc2 Nxc2+ 38. Rxc2 b6 39. Rd2 Nb3 40. Rd6 c5 41. Rxb6 Nd4 42. Rb7 Ne6 43. Ra7 Bb3 44.
f4 Nd4 45. Rc7 Ne6 46. Rb7 Ba2 47. Ra7 Bb3 48. Ra5 Nd4 49. Rxc5 Ne6 50. Rc3 Ba4 51. b4 Bd7 52. b5 Bxb5 53. Bxb5 Kh6 54. Be2 Ng7 55.
Rc7 f5 56. e5 Ne6 57. Rc6 Ng7 58. e6 Ne8 59. e7 Ng7 60. Rc8 g5 61. e8=Q gxf4+ 62.
Kxf4 Nxe8 63. Rxe8 Kg6 64. Re6+ 1-0

[Event "Late-Titled-Tuesday-Blitz-October-10-2023"]
[Site "Chess.com"]
[Date "2023.10.10"]
[Round "9"]
[White "Arystanner"]
[Black "The_Straightforward_Rook"]
[Result "1-0"]
[WhiteElo "2807"]
[BlackElo "2548"]
[TimeControl "180+1"]
[EndTime "15:40:02 PDT"]
[Termination "Arystanner won by resignation"]

1. d4 Nf6 2. c4 e6 3. Nf3 b6 4. g3 Ba6 5. Bg2 Bxc4 6. Nc3 c6 7. e4 Bb4 8. Ne5 Ba6 9. Qa4 Qe7 10. Bg5 h6 11. Be3 O-O 12. a3 Bxc3+ 13. bxc3 Rc8 14. Qb4 d6 15. Nc4 c5 16. dxc5 dxc5 17. Qb3 e5 18. Nd2 Nc6 19. Bf1 Qb7 20. Bb5 Na5 21. Qa4 Bxb5 22. Qxb5 Nxe4 23. Nxe4 Qxe4 24. O-O Rd8 25. Rfe1 Qc4 26. Qb2 Rd3 27. Rac1 Rad8 28. h4 f6 29. Qe2 Rxc3 30. Qh5 Rxc1 31. Rxc1 Qf7 32. Qg4 Qd7 33. Qg6 Qf7 34. Qg4 Nb3 35. Rb1 Nd4 36. Qd1 f5 37. Qa4 f4 38. Bxd4 Rxd4 39. Qc6 Kh7 40. Re1 fxg3 41. fxg3 Qg6 42. Qg2 Rd3 43. Kh2 Rc3 44. Rxe5 Rxa3 45. h5 Qd3 46.
Qf2 Rc3 47. Kh3 Rc2 48. Qf7 Rc3 49. Qf4 Qd7+ 50. Kh4 Qd8+ 51. Kh3 Qg5 52. Rxg5 hxg5 53. Qxg5 a5 54. Qg6+ Kg8 55. h6 1-0

[Event "Late-Titled-Tuesday-Blitz-October-10-2023"]
[Site "Chess.com"]
[Date "2023.10.10"]
[Round "9"]
[White "Qvalda"]
[Black "midedu"]
[Result "1-0"]
[WhiteElo "2393"]
[BlackElo "2090"]
[TimeControl "180+1"]
[EndTime "15:40:05 PDT"]
[Termination "Qvalda won on time"]

1. Nf3 Nf6 2. g3 d5 3. Bg2 c5 4. c4 Nc6 5. O-O d4 6. e3 g6 7.
exd4 cxd4 8. d3 Bg7 9. Re1 O-O 10.
Ne5 Nxe5 11. Rxe5 e6 12. Re1 Re8 13. b4 e5 14. b5 h6 15. Nd2 Bg4 16. Qc2 Qc7 17. Ne4 Nxe4 18. Bxe4 Rac8 19. a4 Be6 20. Bd2 f5 21. Bg2 Bf7 22. Qc1 Kh7 23. a5 Qe7 24. a6 b6 25. Qb1 Qd6 26. Bb4 Qd8 27.
Bb7 Rc7 28. Bc6 Re6 29. c5 Rexc6 30. bxc6 Rxc6 31. cxb6 Qxb6 32. Bd2 Qd8 33. Qb7 Rc7 34. Ba5 Rxb7 35. Bxd8 Rd7 36. Ba5 Bd5 37. Rec1 e4 38.
Rc7 Rd6 39. Rxa7 h5 40. Bd2 e3 41. Be1 f4 42. Re7 Rd8 43. a7 Bf3 44. gxf4 e2 45.
h4 Kh6 46. Rc7 Bf6 47. Kh2 Bxh4 48. Rc4 Bf6 49. Rb4 h4 50. Rb8 Rd5 51. a8=Q Rf5 52. Qxf3 1-0

[Event "Late-Titled-Tuesday-Blitz-October-10-2023"]
[Site "Chess.com"]
[Date "2023.10.10"]
[Round "9"]
[White "egnfanclub"]
[Black "kreonx"]
[Result "1-0"]
[WhiteElo "2373"]
[BlackElo "2479"]
[TimeControl "180+1"]
[EndTime "15:40:10 PDT"]
[Termination "egnfanclub won by checkmate"]

1. e4 c6 2. d4 d5 3. exd5 cxd5 4.
c4 Nf6 5. Nc3 g6 6. cxd5 Bg7 7.
Qb3 O-O 8. Be2 Nbd7 9. Bf3 Nb6 10. a4 a5 11. Nge2 e6 12. d6 Qxd6 13. O-O Nbd5 14. Nb5 Qd7 15. Bg5 b6 16. Rac1 Ba6 17. Nec3 Bxb5 18. Nxb5 Rfc8 19. g3 h6 20. Bd2 Rxc1 21.
Rxc1 Rc8 22. Rxc8+ Qxc8 23. Nd6 Qc6 24. Nc4 Nd7 25. Bc3 Qc7 26. Ne3 Nxe3 27. fxe3 e5 28. Bd5 Nf8 29. dxe5 Bxe5 30. Bxe5 Qxe5 31. Bxf7+ Kg7 32.
Bg8 Qf6 33. Bd5 Nd7 34. Qc3 Qxc3 35. bxc3 Nc5 36. Bc6 Kf6 37. Kf2 Ke5 38. Kf3 Kf5 39. h4 g5 40. hxg5 hxg5 41. e4+ Kf6 42. Ke3 Ke5 43.
g4 Ne6 44. Kd3 Nc5+ 45. Kc4 Kf4 46. Kb5 Kxg4 47. Kxb6 Nb3 48. Bd5 Kf4 49. Bxb3 g4 50. Bc4 g3 51. Bf1 Kxe4 52. Bg2+ Kd3 53. Kxa5 Kxc3 54.
Kb5 Kd4 55. a5 Ke3 56. a6 Kf2 57. Bc6 Kf1 58. a7 g2 59. Bxg2+ Kg1 60. a8=Q Kh2 61. Qg8 Kg1 62. Bf3+ Kh2 63. Qg2# 1-0

[Event "Late-Titled-Tuesday-Blitz-October-10-2023"]
[Site "Chess.com"]
[Date "2023.10.10"]
[Round "9"]
[White "Elbebiber"]
[Black "AleksandrAleksikov"]
[Result "0-1"]
[WhiteElo "2147"]
[BlackElo "2264"]
[TimeControl "180+1"]
[EndTime "15:40:10 PDT"]
[Termination "AleksandrAleksikov won on time"]

1. d4 Nf6 2. Bg5 e6 3. Nf3 d5 4. e3 Be7 5. c4 O-O 6. Nc3 c6 7. Bd3 Nbd7 8. O-O h5 9. Qe2 g6 10. Rfe1 Nh7 11. Bxe7 Qxe7 12. e4 dxc4 13. Bxc4 e5 14.
d5 Nb6 15. Bb3 Ng5 16. Nxg5 Qxg5 17. dxc6 bxc6 18. Qe3 Qxe3 19. Rxe3 Rd8 20. Rd1 Rxd1+ 21. Nxd1 Ba6 22. Rc3 Bb5 23. Ne3 Rd8 24. g3 a5 25. Bd1 Rd4 26. f3 Kf8 27. Kf2 Ke7 28. Ke1 a4 29. Rc2 Rd3 30. Nf1 Nc4 31. b3 axb3 32.
axb3 Rxb3 33. Rxc4 Bxc4 34. Bxb3 Bxb3 35. Kd2 Ba4 36.
Ne3 Bb5 37. Kc3 Kd6 38. f4 f6 39. h4 Be2 40. Nc2 Bf3 41. Kd3 Kc5 42. Ke3 Bg2 43.
fxe5 fxe5 44. Kd3 Kb5 45. Ne3 Bh3 46. Kc3 Kc5 47. Nc4 Bg2 48. Nxe5 Bxe4 49. Nd7+ Kd6 50. Nf6 Bd5 51. Kd4 c5+ 52. Ke3 Ke6 53. Ne8 Kd7 54. Ng7 Ke7 55. Kf4 Kf7 0-1

[Event "Late-Titled-Tuesday-Blitz-October-10-2023"]
[Site "Chess.com"]
[Date "2023.10.10"]
[Round "9"]
[White "NovikovaGalina"]
[Black "Zq1"]
[Result "1/2-1/2"]
[WhiteElo "2438"]
[BlackElo "2552"]
[TimeControl "180+1"]
[EndTime "15:40:11 PDT"]
[Termination "Game drawn by repetition"]

1. e4 c5 2. Nf3 d6 3. d4 cxd4 4.
Nxd4 Nf6 5. Nc3 Nc6 6. Bg5 Bd7 7. Qd2 Rc8 8. O-O-O Nxd4 9. Qxd4 Qa5 10. f4 Qc5 11. e5 Qxd4 12. Rxd4 dxe5 13. fxe5 h6 14.
exf6 hxg5 15. Bb5 Bxb5 16. Nxb5 a6 17. fxe7 Bxe7 18. Nd6+ Bxd6 19. Rxd6 O-O 20. Rd7 b5 21. Rhd1 Rc6 22. b3 Rfc8 23. R1d2 g4 24. Kb2 Rh6 25.
g3 Rhc6 26. a3 f5 27. Ra7 R8c7 28. Rxc7 Rxc7 29. Rd6 Ra7 30. c4 bxc4 31. bxc4 Re7 32.
c5 Rc7 33. Rxa6 Rxc5 34. a4 Re5 35. Kb3 Re3+ 36. Kc4 Re2 37. Kd5 Kh7 38. a5 Rxh2 39. Ke5 g6 40. Ra7+ Kh6 41. a6 Kg5 42. Ra8 Ra2 43.
a7 Ra6 44. Kd4 Ra4+ 45. Ke3 Ra3+ 46. Kf2 Ra6 47. Ke3 Re6+ 48. Kf2 Re7 49. Kg2 Rf7 50. Kf2 Kf6 51. Ke3 g5 52. Kf2 f4 53. gxf4 gxf4 54.
Rg8 Rxa7 55. Rxg4 Kf5 56. Rg8 Ra2+ 57. Kf3 Ra3+ 58. Kf2 Ra2+ 59. Kf3 Ra3+ 60. Kf2 Ra2+ 1/2-1/2